 Dungeon Crawl Stone Soup version 0.30-a0-462-gd5975efbca (webtiles) character file.

Game seed: 15561931367685528101

454 Mitcholas the Cleaver (level 7, -16/57 HPs)
             Began as a Hill Orc Monk on Dec 16, 2022.
             Demolished by an ogre
             ... wielding a +0 giant club
              (20 damage)
             ... on level 5 of the Dungeon.
             The game lasted 00:08:58 (3796 turns).

Mitcholas the Cleaver (Hill Orc Monk)               Turns: 3796, Time: 00:08:58

Health: -16/57     AC: 10    Str: 16    XL:     7   Next: 5%
Magic:  7/7        EV:  5    Int: 10    God:
Gold:   205        SH:  0    Dex: 13    Spells: 6/6 levels left

rFire   . . .      SeeInvis .    r - +0 war axe
rCold   . . .      Faith    .    (no shield)
rNeg    . . .      Spirit   .    e - +0 plate armour
rPois   .          Reflect  .    (no helmet)
rElec   .          Harm     .    (no cloak)
rCorr   .          Rampage  .    (no gloves)
Will    .....                    (no boots)
Stlth   ..........               (no amulet)
HPRegen 0.29/turn                (no ring)
MPRegen 0.10/turn                (no ring)

@: no status effects
A: no striking features
a: no special abilities


You were on level 5 of the Dungeon.
You visited 1 branch of the dungeon, and saw 5 of its levels.

You collected 205 gold pieces.

Inventory:

Hand Weapons
 r - a +0 war axe (weapon)
Armour
 e - a +0 plate armour (worn)
Wands
 q - a wand of acid (9)
Scrolls
 d - 3 scrolls of torment {unknown}
 f - 3 scrolls of teleportation {unknown}
 g - 3 scrolls of vulnerability {unknown}
 h - 7 scrolls of identify {unknown}
 i - 2 scrolls of brand weapon {unknown}
 m - 4 scrolls of noise {unknown}
 n - 2 scrolls of enchant weapon {unknown}
Potions
 b - 4 potions of curing {unknown}
 c - a potion of ambrosia
 j - a potion of heal wounds {unknown}
 k - a potion of berserk rage {unknown}
 l - 2 potions of lignification {unknown}
 o - a potion of flight {unknown}
 p - a potion of brilliance {unknown}


   Skills:
 - Level 3.6 Fighting
 + Level 10.1 Axes
 - Level 2.4 Dodging
 - Level 1.5 Stealth


You had 6 spell levels left.
You didn't know any spells.
Your spell library contained the following spells:

 Spells                   Type           Power      Damage    Failure   Level
 Blink                    Tloc           0%         N/A       100%        2
 Momentum Strike          Conj/Tloc      0%         3d8       100%        2
 Lesser Beckoning         Tloc           0%         N/A       100%        3


Dungeon Overview and Level Annotations

Branches:
Dungeon (5/15)
 Temple: D:4-7

Altars:
Makhleb
Vehumet

Shops:
D:5 =

Annotations:
D:4 Grinder


Message History

* * * LOW HITPOINT WARNING * * *
Unknown command.
You hit the gnoll.
The gnoll is heavily wounded.
The gnoll hits you but does no damage.
You hit the gnoll.
The gnoll is severely wounded.
The gnoll hits you with a +1 halberd of protection!
* * * LOW HITPOINT WARNING * * *
You closely miss the gnoll.
The gnoll is severely wounded.
The gnoll hits you but does no damage.
You slash the gnoll!
You kill the gnoll!
You see here a +1 halberd of protection.
You see here a +0 spear.
You start resting.
HP restored.
g - 3 scrolls labelled GUGOAD SAINGA (gained 1)
You see here a +1 halberd of protection.
b - 4 black potions (gained 1)
Found a stone staircase leading up.
There is a stone staircase leading up here.
There is a stone staircase leading up here.
An ogre comes into view. It is wielding a +0 giant club.
Found 12 gold pieces.
The ogre shouts!
You hit the ogre but do no damage.
The ogre hits you with a +0 giant club!!
You barely miss the ogre. The ogre hits you with a +0 giant club!
You slash the ogre!
The ogre is moderately wounded.
You barely miss the ogre.
The ogre is moderately wounded.
The ogre hits you with a +0 giant club!!
* * * LOW HITPOINT WARNING * * *
You hit the ogre.
The ogre is moderately wounded.
The ogre hits you with a +0 giant club!!
You die...

........# #.# #.#.###.#
........# #.#.#.#.# #.#
###.#######.#.#.#.###.###
#. $....#.#.#....<..# #.
.........#...###.#
...#.###...# #.#
...........# #.#
.#.#.####..# #.# ..
#..O@..## #.# .# ..
#....####### #.# ####.
#... .# #.# .... #.. ##.#
#.. ... #.#. #.. ... ....
... ... ....< #.#
###...... #.# ........#
###.####


You could see an ogre.

Vanquished Creatures
  An ice beast (D:5)
  A scorpion (D:5)
  A hound (D:5)
  5 iguanas
  3 gnolls (D:5)
  3 adders
  A shadow imp (D:5)
  2 worms (D:2)
  7 orcs
  5 endoplasms
  3 giant cockroaches
  6 goblins
  8 hobgoblins
  4 jackals (D:1)
  5 kobolds
  3 quokkas
  11 ball pythons
  3 bats
  3 frilled lizards
  5 rats
80 creatures vanquished.

Vanquished Creatures (others)
  11 plants (D:2)
11 creatures vanquished.

Grand Total: 91 creatures vanquished

Notes
Turn   | Place    | Note
-------+----------+-------------------------------------------
     0 | D:1      | Mitcholas the Hill Orc Monk began the quest for the Orb.
     0 | D:1      | Reached XP level 1. HP: 19/19 MP: 1/1
   150 | D:1      | Reached XP level 2. HP: 19/26 MP: 2/2
   249 | D:1      | Reached skill level 5 in Axes
   374 | D:1      | Reached XP level 3. HP: 31/31 MP: 3/3
   647 | D:2      | Reached skill level 6 in Axes
   867 | D:2      | You fall into a shaft and drop 2 floors!
   896 | D:4      | Reached XP level 4. HP: 14/39 MP: 4/4
  1887 | D:3      | Found a radiant altar of Vehumet.
  1893 | D:3      | Reached skill level 7 in Axes
  2251 | D:4      | Reached XP level 5. HP: 22/45 MP: 5/5
  2337 | D:4      | Noticed Grinder
  2337 | D:4      | Paralysed by Grinder for 3 turns
  2507 | D:4      | Found a burning altar of Makhleb.
  2537 | D:5      | Entered Level 5 of the Dungeon
  2738 | D:5      | Reached skill level 8 in Axes
  3181 | D:5      | Noticed an ice beast
  3199 | D:5      | Killed an ice beast
  3200 | D:5      | Reached skill level 9 in Axes
  3200 | D:5      | Reached XP level 6. HP: 34/51 MP: 6/6
  3281 | D:5      | Found Peumoiva's One-of-a-Kind Rings.
  3474 | D:5      | Reached skill level 10 in Axes
  3536 | D:5      | Reached XP level 7. HP: 48/57 MP: 7/7
  3552 | D:5      | HP: 2/57 [gnoll/+1 halberd of protection (8)]
  3796 | D:5      | Demolished by an ogre

Illustrated notes

Levels and vault maps discovered:
D:1:      lightli_molten_gateway, layout_rooms
D:2:      layout_basic, serial_bayou_lake_a
D:3:      layout_rooms, overflow_temple_1_default
D:4:      layout_basic, nicolae_ru_sacrificial_ziggurat, lemuel_tele_altar,
          uniq_grinder
D:5:      layout_basic, nicolae_shop_unique_rings

Skill      XL: |  1  2  3  4  5  6 |
---------------+-------------------+-----
Axes           | 5 6 7 9 10 | 10.1
Fighting       | |  3.6
Dodging        | |  2.4
Stealth        | |  1.5

Action                   |  1- 3 |  4- 6 |  7- 9 || total
-------------------------+-------+-------+-------++-------
Melee: Hand axe          |   118 |   164 |       ||   282
       Punch             |     1 |     3 |       ||     4
       War axe           |       |    40 |    16 ||    56
Throw: Boomerang         |       |     2 |       ||     2
 Stab: Sleeping          |     2 |     1 |       ||     3
Armor: Robe              |     2 |       |       ||     2
       Leather armour    |    15 |       |       ||    15
       Ring mail         |     6 |    32 |       ||    38
       Plate armour      |       |    32 |    10 ||    42
Dodge: Dodged            |    70 |    71 |     5 ||   146

Table legend: (Time is in decaauts)
 A = Elapsed time spent in this place.
 B = Non-inter-level travel time spent in this place.
 C = Inter-level travel time spent in this place.
 D = Time resting spent in this place.
 E = Time spent auto-exploring this place.
 F = Levels seen in this place.
 G = Mean time per level.
                   A        B        C        D        E       F      G
               +--------+--------+--------+--------+--------+-----+--------+
         Total |   3828 |   3699 |    129 |   1110 |   1652 |   5 |  765.6 |
       Dungeon |   3828 |   3699 |    129 |   1110 |   1652 |   5 |  765.6 |
               +--------+--------+--------+--------+--------+-----+--------+

Top non-repeatable levels by time:
     D:5: 1256 daAuts
     D:2: 858 daAuts
     D:1: 625 daAuts
     D:4: 567 daAuts
     D:3: 521 daAuts
